 Dungeon Crawl Stone Soup version 0.21.1-1-g345015f (webtiles) character file.

74 letownia2 the Ruffian (level 4, 0/33 HPs)
             Began as a Demonspawn Gladiator on July 15, 2018.
             Succumbed to a worker ant's poison
             ... on level 4 of the Dungeon.
             The game lasted 00:02:55 (448 turns).

letownia2 the Ruffian (Demonspawn Gladiator)         Turns: 448, Time: 00:02:56

Health: 0/33       AC:  5    Str: 15    XL:     4   Next: 10%
Magic:  1/4        EV: 18    Int: 10    God:
Gold:   86         SH:  0    Dex: 21    Spells: 3/3 levels left

rFire    . . .     SeeInvis .     - Unarmed
rCold    . . .     Gourm    .   (no shield)
rNeg     . . .     Faith    .   a - +0 leather armour
rPois    .         Spirit   +   (helmet restricted)
rElec    .         Reflect  .   (no cloak)
rCorr    .         Harm     .   (no gloves)
MR       .....                  (no boots)
Stlth    +++.......             (no amulet)
HPRegen  0.11/turn              (no ring)
MPRegen  0.09/turn              (no ring)

@: agile, lethally poisoned (0 -> -4), hasted, very quick
A: horns 1, icy blue scales 1, agile 1, wild magic 1, magic shield
a: no special abilities


You were on level 4 of the Dungeon.
You were not hungry.

You visited 1 branch of the dungeon, and saw 4 of its levels.

You collected 86 gold pieces.

Inventory:

Missiles
 h - 3 sling bullets
 j - 15 poisoned needles
Armour
 a - a +0 leather armour (worn)
 b - a +0 helmet
Scrolls
 e - a scroll of fear {unknown}
 f - 2 scrolls of teleportation {unknown}
 i - a scroll of enchant armour {unknown}
Comestibles
 d - 4 rations


   Skills:
 - Level 2.0 Fighting
 - Level 1.7 Throwing
 - Level 2.6 Dodging
 + Level 4.5 Unarmed Combat


You had 3 spell levels left.
You didn't know any spells.

Dungeon Overview and Level Annotations

Branches:
Dungeon (4/15)
 Temple: D:4-7

Altars:
Okawaru
Yredelemnul


Innate Abilities, Weirdness & Mutations

You are partially covered in icy blue scales. (AC +2)
When hurt, damage is shared between your health and your magic reserves.
You have a pair of small horns on your head.
You are agile. (Dex +2)
Your spells are a little harder to cast, but a little more powerful.


Message History

The worker ant is moderately wounded.
You feel sick. The worker ant barely misses you.
You hit the worker ant.
The worker ant is heavily wounded.
The worker ant barely misses you.
You completely miss the worker ant.
The worker ant is heavily wounded.
You feel sick. The worker ant bites you.
* * * LOW HITPOINT WARNING * * *
You hit the worker ant.
The worker ant is severely wounded.
The worker ant bites you.
* * * LOW HITPOINT WARNING * * *
It was a potion of mutation.
You feel extremely strange.
You feel agile.
You feel less in control of your magic. A pair of horns grows on your head!
Your +0 helmet falls away!
The worker ant bites you.
* * * LOW HITPOINT WARNING * * *
It was a potion of haste.
You feel yourself speed up.
You die...

#### #########..
##.........#
....#...#..#
.#.........###
#............#
#(...%<...#.# #
#...#[..#..#.#.###
..........la@....#
#...############.#
##. .. #


You could see a worker ant and a frilled lizard.

Vanquished Creatures
  4 adders (D:2)
  2 dart slugs
  A leopard gecko (D:2)
  3 orcs (D:3)
  A ball python (D:2)
  4 goblins
  3 hobgoblins (D:2)
  4 jackals (D:1)
  2 bats
  3 frilled lizards
  3 kobolds
  2 rats
32 creatures vanquished.

Notes
Turn   | Place    | Note
-------+----------+-------------------------------------------
     0 | D:1      | letownia2 the Demonspawn Gladiator began the quest for the Orb.
     0 | D:1      | Reached XP level 1. HP: 16/16 MP: 1/1
    10 | D:1      | Reached skill level 3 in Unarmed Combat
    32 | D:1      | Gained mutation: You are partially covered in icy blue scales. (AC +2) [demonic ancestry]
    32 | D:1      | Reached XP level 2. HP: 13/22 MP: 2/2
   150 | D:2      | Gained mutation: When hurt, damage is shared between your health and your magic reserves. [demonic ancestry]
   150 | D:2      | Reached XP level 3. HP: 16/27 MP: 3/3
   208 | D:2      | Found an iron altar of Okawaru.
   222 | D:2      | Reached skill level 4 in Unarmed Combat
   383 | D:2      | Found a basalt altar of Yredelemnul.
   408 | D:3      | Reached XP level 4. HP: 29/33 MP: 4/4
   447 | D:4      | Gained mutation: You are agile. (Dex +2) [potion of mutation]
   447 | D:4      | Gained mutation: Your spells are a little harder to cast, but a little more powerful. [potion of mutation]
   447 | D:4      | Gained mutation: You have a pair of small horns on your head. [potion of mutation]
   447 | D:4      | HP: 1/33 [worker ant (2)]
   448 | D:4      | Succumbed to a worker ant's poison

Skill      XL: |  1  2  3 |
---------------+----------+-----
Unarmed Combat | 3 4 |  4.5
Fighting       | |  2.0
Throwing       | |  1.7
Dodging        | |  2.6

Action                   |  1- 3 |  4- 6 || total
-------------------------+-------+-------++-------
Melee: Unarmed           |    89 |    20 ||   109
       Punch             |     3 |       ||     3
Throw: Throwing net      |     6 |     1 ||     7
  Use: Potion            |       |     3 ||     3
 Stab: Held in net/web   |     1 |       ||     1
       Sleeping          |       |     1 ||     1
Armor: Leather armour    |    20 |     6 ||    26
Dodge: Dodged            |    49 |    10 ||    59
